 Dungeon Crawl Stone Soup version 0.26-a0-800-g517d6fe721 (webtiles) character file.

Game seed: 3943084823908753695

3570 Gargoyl the Fighter (level 10, -2/80 HPs)
             Began as a Gnoll Abyssal Knight on Nov 11, 2020.
             Was a High Priest of Lugonu.
             Slain by a death yak (18 damage)
             ... on level 8 of the Dungeon.
             The game lasted 00:13:24 (9560 turns).

Gargoyl the Fighter (Gnoll Abyssal Knight)          Turns: 9560, Time: 00:13:25

Health: -2/80      AC: 16    Str: 17    XL:     10   Next: 9%
Magic:  3/17       EV: 15    Int: 14    God:    Lugonu [*****.]
Gold:   507        SH:  8    Dex: 20    Spells: 18/18 levels left

rFire    . . .     SeeInvis .   a - +2 hand axe
rCold    + . .     Faith    .   t - +2 buckler of Immorality {rC+}
rNeg     + . .     Spirit   .   c - +5 ring mail of Rationality {rN+ Dex+4}
rPois    .         Reflect  .   g - +0 helmet
rElec    .         Harm     .   n - +1 cloak
rCorr    .         Rampage  .   (no gloves)
MR       .....                  v - +0 pair of boots
Stlth    +++.......             (no amulet)
HPRegen  0.23/turn              (no ring)
MPRegen  0.15/turn              (no ring)

@: no status effects
A: distributed training, fangs 1, strong nose
a: Depart the Abyss, Bend Space, Banish, Corrupt, Enter the Abyss, Renounce
Religion


You were on level 8 of the Dungeon.
You worshipped Lugonu.
Lugonu was extremely pleased with you.
You visited 1 branch of the dungeon, and saw 8 of its levels.
You visited the Abyss 1 time.
You also visited: Sewer.

You collected 507 gold pieces.

Inventory:

Hand Weapons
 a - a +2 hand axe (weapon)
Missiles
 m - 4 poisoned darts (quivered)
Armour
 c - the +5 ring mail of Rationality (worn) {rN+ Dex+4}
   (You found it on level 2 of the Abyss)

   It affects your dexterity (+4).
   It protects you from negative energy.
 g - a +0 helmet (worn)
 n - a +1 cloak (worn)
 t - the +2 buckler of Immorality (worn) {rC+}
   (You acquired it on level 7 of the Dungeon)

   It protects you from cold.
 v - a +0 pair of boots (worn)
Jewellery
 w - an uncursed ring of flight
Wands
 i - a wand of flame (18)
 l - a wand of paralysis (4)
Scrolls
 d - 4 scrolls of teleportation
 f - 6 scrolls of identify
 h - 4 scrolls of immolation
 o - a scroll of enchant armour
 p - 2 scrolls of magic mapping
 r - 3 scrolls of remove curse
Potions
 b - 3 potions of might
 e - 13 potions of curing
 j - a potion of brilliance
 k - a potion of heal wounds
 q - a potion of magic
 s - a potion of haste


   Skills:
 + Level 8.3 Fighting
 + Level 4.9 Short Blades
 + Level 4.9 Long Blades
 + Level 6.8 Axes
 + Level 4.9 Maces & Flails
 + Level 4.9 Polearms
 + Level 4.9 Staves
 + Level 4.9 Slings
 + Level 4.9 Bows
 + Level 4.9 Crossbows
 + Level 4.9 Throwing
 + Level 6.8 Armour
 + Level 5.6 Dodging
 + Level 4.9 Stealth
 + Level 4.9 Shields
 + Level 4.9 Unarmed Combat
 + Level 4.9 Spellcasting
 + Level 4.1 Conjurations
 + Level 4.1 Hexes
 + Level 4.1 Summonings
 + Level 4.1 Necromancy
 + Level 4.1 Translocations
 + Level 4.1 Transmutations
 + Level 4.1 Fire Magic
 + Level 4.1 Ice Magic
 + Level 4.1 Air Magic
 + Level 4.1 Earth Magic
 + Level 4.1 Poison Magic
 + Level 7.2 Invocations
 + Level 4.9 Evocations


You had 18 spell levels left.
You didn't know any spells.
Your spell library contained the following spells:

 Spells                   Type           Power        Failure   Level
 Beastly Appendage        Tmut           ##....       5%          1
 Wereblood                Tmut           ##......     9%          2
 Spider Form              Tmut/Pois      ##........   16%         3
 Ice Form                 Ice/Tmut       ##......     47%         4
 Blade Hands              Tmut           ##........   83%         5


Dungeon Overview and Level Annotations

Branches:
Dungeon (8/15)             Temple (0/1) D:6           Sewer (visited)
   Lair: D:8-11

Altars:
Elyvilon
Fedhas
Hepliaklqana
Qazlal
Ru
Xom
The Shining One


Innate Abilities, Weirdness & Mutations

Your experience applies equally to all skills.
You have very sharp teeth.
Your uncanny sense of smell can sniff out nearby items.


Message History

* * * LOW HITPOINT WARNING * * *
You feel much better. The death yak gores you!
You hit the death yak.
The death yak is heavily wounded.
The death yak gores you but does no damage.
You hit the death yak but do no damage.
The death yak is heavily wounded.
The death yak gores you!
You hit the death yak.
You bite the death yak, but do no damage.
The death yak is severely wounded.
The death yak barely misses you.
You hit the death yak.
The death yak is severely wounded.
The death yak gores you!
* * * LOW HITPOINT WARNING * * *
You hit the death yak.
The death yak is severely wounded.
The death yak gores you!!
You die...

#.# #........## ###...
#.#
#.........####.....
#.#
#..........##...##.
#.#
#.............####(
#.# #...........### #.
####.# #...........#
##. ##....###
#...........# #†)
...###..###
#...........# ##..
####
##...#####.@Y....#####
#... #
##.........###### #...
#.######).# #...
#.#######.. ##..
#####.....# ##. #..
####.........# .. #..
#............# .. ##.
.............# ... #.
.............# #.


You could see a death yak (poisoned).

Vanquished Creatures
  Grinder (D:4)
  A wraith (D:8)
  A water moccasin (D:8)
  Duvessa (D:7)
  3 orc warriors
  A sky beast (D:8)
  3 ice beasts
  A phantom (D:7)
  3 ogres (D:4)
  2 centaurs
  2 big kobolds
  3 bullfrogs
  Dowan (D:7)
  A scorpion (D:6)
  A water moccasin skeleton (D:5)
  A wyvern skeleton (D:8)
  5 killer bees (D:4)
  2 bullfrog zombies
  A centaur zombie (D:5)
  A centaur skeleton (D:5)
  4 orc priests
  Crazy Yiuf (D:4)
  A jelly (D:7)
  Jessica (D:3)
  9 orc wizards
  A worker ant (D:8)
  A hound zombie (D:6)
  A hound skeleton (D:7)
  A howler monkey skeleton (D:7)
  13 adders
  7 gnolls
  8 river rats (Sewer)
  2 shadow imps (D:6)
  3 white imps
  An ufetubus (D:6)
  An ooze (D:3)
  3 worms
  A dart slug (D:1)
  8 leopard geckos
  44 orcs
  8 bats
  8 giant cockroaches
  4 goblins
  6 hobgoblins
  4 jackals (D:8)
  27 kobolds
  4 quokkas
  11 ball pythons
  A ball python skeleton (D:4)
  10 frilled lizards
  21 rats
250 creatures vanquished.

Notes
Turn   | Place    | Note
-------+----------+-------------------------------------------
     0 | Abyss:1  | Gargoyl the Gnoll Abyssal Knight began the quest for the
                  | Orb.
     0 | Abyss:1  | Reached XP level 1. HP: 23/23 MP: 3/3
    16 | Abyss:1  | Found a basalt altar of Yredelemnul.
    47 | Abyss:2  | Got a heavily runed ring mail
    58 | Abyss:2  | Identified the +5 ring mail of Rationality {rN+ Dex+4} (You
                  | found it on level 2 of the Abyss)
    95 | Abyss:4  | Noticed a glowing orange brain
    99 | Abyss:4  | Noticed an orange crystal statue
   109 | Abyss:4  | Noticed a spatial maelstrom
   110 | Abyss:4  | Noticed a spatial vortex
   112 | Abyss:4  | Noticed a small abomination
   116 | D:1      | Escaped the Abyss
   259 | D:1      | Reached XP level 2. HP: 29/29 MP: 5/5
   325 | D:1      | Found a shimmering altar of Xom.
   345 | D:1      | Reached * piety under Lugonu
   796 | D:2      | Reached XP level 3. HP: 32/35 MP: 6/6
   966 | D:2      | Reached skill level 1 in Short Blades
   966 | D:2      | Reached skill level 1 in Long Blades
   966 | D:2      | Reached skill level 1 in Maces & Flails
   966 | D:2      | Reached skill level 1 in Polearms
   966 | D:2      | Reached skill level 1 in Staves
   966 | D:2      | Reached skill level 1 in Slings
   966 | D:2      | Reached skill level 1 in Bows
   966 | D:2      | Reached skill level 1 in Crossbows
   966 | D:2      | Reached skill level 1 in Throwing
   966 | D:2      | Reached skill level 1 in Stealth
   966 | D:2      | Reached skill level 1 in Shields
   966 | D:2      | Reached skill level 1 in Unarmed Combat
   966 | D:2      | Reached skill level 1 in Spellcasting
   966 | D:2      | Reached skill level 1 in Evocations
  1029 | D:2      | Reached XP level 4. HP: 41/41 MP: 7/7
  1286 | D:3      | Reached ** piety under Lugonu
  1287 | D:3      | Reached skill level 1 in Conjurations
  1287 | D:3      | Reached skill level 1 in Hexes
  1287 | D:3      | Reached skill level 1 in Summonings
  1287 | D:3      | Reached skill level 1 in Necromancy
  1287 | D:3      | Reached skill level 1 in Translocations
  1287 | D:3      | Reached skill level 1 in Transmutations
  1287 | D:3      | Reached skill level 1 in Fire Magic
  1287 | D:3      | Reached skill level 1 in Ice Magic
  1287 | D:3      | Reached skill level 1 in Air Magic
  1287 | D:3      | Reached skill level 1 in Earth Magic
  1287 | D:3      | Reached skill level 1 in Poison Magic
  1306 | D:2      | Reached XP level 5. HP: 13/47 MP: 8/8
  1845 | D:3      | Noticed Jessica
  1852 | D:3      | Killed Jessica
  1852 | D:3      | Reached skill level 5 in Invocations
  1852 | D:3      | Reached XP level 6. HP: 53/53 MP: 9/9
  1961 | D:3      | Found a glowing golden altar of the Shining One.
  2146 | D:4      | Reached skill level 5 in Axes
  2146 | D:4      | Reached skill level 5 in Armour
  2467 | D:4      | Found a runed translucent door.
  2467 | D:4      | Noticed Crazy Yiuf
  2530 | D:4      | Reached XP level 7. HP: 56/59 MP: 10/10
  2662 | D:4      | Reached *** piety under Lugonu
  2797 | D:4      | Reached skill level 7 in Fighting
  3470 | D:4      | Noticed Grinder
  3477 | D:4      | Paralysed by Grinder for 4 turns
  3488 | D:4      | Paralysed by Grinder for 7 turns
  3496 | D:4      | Killed Grinder
  3496 | D:4      | Reached XP level 8. HP: 55/67 MP: 12/12
  3959 | D:4      | Killed Crazy Yiuf
  4186 | D:5      | Entered Level 5 of the Dungeon
  4387 | D:5      | Found a hazy altar of Hepliaklqana.
  5199 | D:6      | Reached **** piety under Lugonu
  5235 | D:6      | Found a glowing drain.
  5239 | Sewer    | Entered a sewer
  5903 | D:6      | Reached ***** piety under Lugonu
  5934 | D:6      | Found a staircase to the Ecumenical Temple.
  6085 | D:6      | Reached XP level 9. HP: 73/73 MP: 14/14
  6628 | D:7      | Identified a scroll of acquirement
  6628 | D:7      | Acquired the +2 buckler of Immorality {rC+}
  6676 | D:7      | Found a blossoming altar of Fedhas.
  6918 | D:7      | Reached skill level 5 in Dodging
  7751 | D:7      | Noticed Dowan
  7752 | D:7      | Noticed Duvessa
  7772 | D:7      | Killed Duvessa
  7788 | D:7      | Killed Dowan
  7788 | D:7      | Reached skill level 8 in Fighting
  7874 | D:7      | Found a white marble altar of Elyvilon.
  7874 | D:7      | Found a stormy altar of Qazlal.
  7880 | D:7      | Found a sacrificial altar of Ru.
  7882 | D:7      | Found a faded altar of an unknown god.
  7883 | D:7      | Found a faded altar of an unknown god.
  9231 | D:8      | Reached XP level 10. HP: 80/80 MP: 17/17
  9487 | D:8      | Noticed a death yak
  9487 | D:8      | Noticed a death yak
  9546 | D:8      | HP: 1/80 [death yak (20)]
  9560 | D:8      | Slain by a death yak

Illustrated notes

Levels and vault maps discovered:
D:1:      dpeg_arrival_oval, layout_basic, xom_teletrap_fun
D:2:      layout_basic, minmay_lizard_pond
D:3:      cheibrodos_helix_gallery, layout_rooms, general_overflow_altar,
          kennysheep_doodads, uniq_jessica
D:4:      layout_loops_ring, grunt_decor_junction, uniq_crazy_yiuf_cottage,
          uniq_grinder
D:5:      layout_basic, basic_altar, serial_curves, eino_curves_02,
          eino_curves_04
D:6:      layout_loops_corners, minmay_temple_entry_poolview,
          gup_sewer_entry_spiral
D:7:      layout_basic, chequers_temple_overflow_minitemple,
          fedhas_ov_isle_minmay, uniq_duvessa
D:8:      layout_cave_pods, chequers_temple_overflow_statue_of_worship,
          dpeg_lair_monsters, serial_shops, shop, st_stairs_10

Skill      XL: |  1  2  3  4  5  6  7  8  9 10 |
---------------+-------------------------------+-----
Short Blades   | 1 2 3 4 |  4.9
Long Blades    | 1 2 3 4 |  4.9
Maces & Flails | 1 2 3 4 |  4.9
Polearms       | 1 2 3 4 |  4.9
Staves         | 1 2 3 4 |  4.9
Slings         | 1 2 3 4 |  4.9
Bows           | 1 2 3 4 |  4.9
Crossbows      | 1 2 3 4 |  4.9
Throwing       | 1 2 3 4 |  4.9
Stealth        | 1 2 3 4 |  4.9
Shields        | 1 2 3 4 |  4.9
Unarmed Combat | 1 2 3 4 |  4.9
Spellcasting   | 1 2 3 4 |  4.9
Evocations     | 1 2 3 4 |  4.9
Conjurations   | 1 2 3 4 |  4.1
Hexes          | 1 2 3 4 |  4.1
Summonings     | 1 2 3 4 |  4.1
Necromancy     | 1 2 3 4 |  4.1
Translocations | 1 2 3 4 |  4.1
Transmutations | 1 2 3 4 |  4.1
Fire Magic     | 1 2 3 4 |  4.1
Ice Magic      | 1 2 3 4 |  4.1
Air Magic      | 1 2 3 4 |  4.1
Earth Magic    | 1 2 3 4 |  4.1
Poison Magic   | 1 2 3 4 |  4.1
Dodging        | 3 4 5 |  5.6
Invocations    | 5 6 7 |  7.2
Axes           | 5 6 |  6.8
Armour         | 5 6 |  6.8
Fighting       | 7 8 |  8.3

Action                   |  1- 3 |  4- 6 |  7- 9 | 10-12 || total
-------------------------+-------+-------+-------+-------++-------
Melee: Hand axe          |    67 |   123 |   669 |    41 ||   900
       Bite              |     7 |    20 |    98 |     7 ||   132
Throw: Dart              |       |     8 |    12 |     5 ||    25
Invok: Depart the Abyss  |     1 |       |       |       ||     1
       Bend Space        |       |     1 |     1 |       ||     2
       Banish            |       |       |       |     4 ||     4
Evoke: Wand              |       |       |     2 |       ||     2
  Use: Scroll            |     2 |     9 |     7 |       ||    18
       Potion            |     1 |     2 |     4 |     2 ||     9
 Stab: Sleeping          |       |     1 |    10 |       ||    11
       Paralysed         |       |       |     6 |       ||     6
       Distracted        |       |       |     1 |       ||     1
Armor: Ring mail         |    41 |    75 |   235 |    20 ||   371
       Skin              |       |       |    10 |       ||    10
Dodge: Dodged            |    40 |   101 |   412 |    22 ||   575
Block: Buckler           |       |     7 |   212 |    20 ||   239

Table legend: (Time is in decaauts)
 A = Elapsed time spent in this place.
 B = Non-inter-level travel time spent in this place.
 C = Inter-level travel time spent in this place.
 D = Time resting spent in this place.
 E = Time spent auto-exploring this place.
 F = Levels seen in this place.
 G = Mean time per level.
                   A        B        C        D        E       F      G
               +--------+--------+--------+--------+--------+-----+--------+
         Total |   9663 |   9341 |    322 |   1674 |   5269 |  13 |  743.3 |
       Dungeon |   8925 |   8603 |    322 |   1674 |   4869 |   8 | 1115.6 |
         Abyss |    121 |    121 |      0 |      0 |     36 |   4 |   30.2 |
         Sewer |    616 |    616 |      0 |      0 |    364 |   1 |  616.0 |
               +--------+--------+--------+--------+--------+-----+--------+

Top non-repeatable levels by time:
     D:4: 2135 daAuts
     D:7: 1763 daAuts
     D:6: 1216 daAuts
     D:8: 1010 daAuts
     D:5: 844 daAuts
     D:2: 753 daAuts
     D:1: 670 daAuts
   Sewer: 616 daAuts
     D:3: 531 daAuts
 Abyss:2: 41 daAuts
 Abyss:1: 31 daAuts
 Abyss:3: 27 daAuts
 Abyss:4: 20 daAuts
